 Dungeon Crawl Stone Soup version 0.24-a0-736-g4e6fe308c7 (webtiles) character file.

Game seed: 18111981088629738241, levelgen mode: deterministic

18 Oninnaise the Insei (level 2, -1/36 HPs)
             Began as a Demonspawn Chaos Knight on Oct 2, 2019.
             Was a Plaything of Xom.
             Slain by Terence
             ... wielding a +0 mace
              (3 damage)
             ... on level 1 of the Dungeon.
             The game lasted 00:01:34 (615 turns).

Oninnaise the Insei (Demonspawn Chaos Knight)        Turns: 615, Time: 00:01:34

Health: -1/36      AC: 21    Str: 12    XL:     2   Next: 48%
Magic:  2/2        EV:  2    Int: 13    God:    Xom [*.....]
Gold:   61         SH:  0    Dex: 12    Spells: 1/1 levels left

rFire    . . .     SeeInvis .     - Unarmed
rCold    . . .     Gourm    .   (no shield)
rNeg     + + +     Faith    .   (armour currently unavailable)
rPois    +         Spirit   .   (helmet currently unavailable)
rElec    .         Reflect  .   (cloak currently unavailable)
rCorr    .         Harm     .   (gloves currently unavailable)
MR       .....     NoTele   +   (boots currently unavailable)
Stlth    +.........             (no amulet)
HPRegen  0.12/turn              (no ring)
MPRegen  0.08/turn              (no ring)

@: tree-form, drained
A: no striking features
a: Renounce Religion


You were on level 1 of the Dungeon.
You worshipped Xom.
You were a special plaything of Xom.
You were not hungry.
You were a tree.
You visited 1 branch of the dungeon, and saw 2 of its levels.

You collected 61 gold pieces.

Inventory:

Armour
 a - a +2 leather armour (melded)
Jewellery
 c - an uncursed ring of fire {unknown}
Comestibles
 b - 2 rations


   Skills:
 - Level 3.0(1.9) Fighting
 - Level 1.7(0.7) Armour
 - Level 0.8(0.0) Dodging
 + Level 3.5(2.4) Unarmed Combat


You had one spell level left.
You didn't know any spells.
Your spell library was empty.

Dungeon Overview and Level Annotations

Branches:
Dungeon (2/15)

Altars:

Annotations:
D:1 Terence


Innate Abilities, Weirdness & Mutations

((You are partially covered in molten scales. (AC +2)))


Message History

There is a stone staircase leading up here.
Terence hits you with a +0 mace.
* * * LOW HITPOINT WARNING * * *
You climb upwards.
There is a stone staircase leading down here.
The ice encasing you melts away. Terence hits you with a +0 mace.
* * * LOW HITPOINT WARNING * * *
It was a potion of lignification.
You turn into a tree.
Your +2 leather armour melds into your body.
Your roots penetrate the ground.
You cannot move.
You cannot move.
You smack Terence!
Terence is severely wounded.
Terence hits you but does no damage.
You barely miss Terence.
Terence is severely wounded.
Terence hits you with a +0 mace.
You die...

############ #..........#
#..........# #..........#
#..........###..........#
#...........##..........#
######.####.###........##
#.# #.##..........#####
#.# #..#...÷...........
#.#####.#...............
#.>...@♣................
#÷.######.............#.
#..# ##..............
#..# ##...........## #..#
##################.
#..###......## ##
#..##........## #.
#..#......†...# ##
#..#..........# #.


You could see Terence.

Vanquished Creatures
  A dart slug (D:1)
  2 leopard geckos (D:1)
  A giant cockroach (D:1)
  A hobgoblin (D:1)
  2 kobolds (D:1)
  A quokka (D:2)
  3 bats (D:1)
  3 rats (D:1)
14 creatures vanquished.

Notes
Turn   | Place    | Note
-------+----------+-------------------------------------------
     0 | D:1      | Oninnaise the Demonspawn Chaos Knight began the quest for
                  | the Orb.
     0 | D:1      | Reached XP level 1. HP: 18/18 MP: 1/1
    32 | D:1      | XOM: silly message
   227 | D:1      | Gained mutation: You are partially covered in molten
                  | scales. (AC +2) [demonic ancestry]
   227 | D:1      | Reached XP level 2. HP: 20/24 MP: 2/2
   602 | D:2      | Noticed Terence
   603 | D:2      | XOM: severe Ice miscast
   604 | D:2      | XOM: medium Necr miscast
   611 | D:1      | HP: 1/24 [Terence/+0 mace (4)]
   615 | D:1      | Slain by Terence

Levels and vault maps discovered:
D:1:      co_arrival_square_in_a_square_in_a_square, layout_rooms,
          minmay_door_square, minivault_27
D:2:      layout_basic, nicolae_ru_great_annihilating_truth,
          evilmike_ruin_ashenzari, uniq_terence, uniq_sigmund

Skill      XL: |  1 |
---------------+----+-----
Unarmed Combat | 3 |  3.5
Fighting       | |  3.0
Armour         | |  1.7
Dodging        | |  0.8

Action                   || total
-------------------------++-------
Melee: Unarmed           ||    52
       Punch             ||     1
  Use: Potion            ||     1
 Stab: Sleeping          ||     1
Armor: Leather armour    ||    21
       Skin              ||     1
Dodge: Dodged            ||    23

Table legend:
 A = Non-vault XP
 B = Vault XP
 C = Vault XP percentage of total XP
 D = Non-vault monster count
 E = Vault monster count
 F = Vault count percentage of total count
                 A         B        C        D         E       F
            +---------+---------+-------+---------+---------+-------
      Total |      26 |       0 |   0.0 |      14 |       0 |   0.0
            +---------+---------+-------+---------+---------+-------
        D:1 |      24 |       0 |   0.0 |      13 |       0 |   0.0
        D:2 |       2 |       0 |   0.0 |       1 |       0 |   0.0
            +---------+---------+-------+---------+---------+-------
